 Dungeon Crawl Stone Soup version 0.31-a0-538-gbc85326fa9 (webtiles) character file.

Game seed: 7887537973198521286

56 bmack86 the Chopper (level 3, -1/31 HPs)
             Began as a Minotaur Fighter on Aug 14, 2023.
             Killed from afar by Natasha (7 damage)
             ... with a puff of flame
             ... on level 2 of the Dungeon.
             The game lasted 00:02:22 (1064 turns).

bmack86 the Chopper (Minotaur Fighter)              Turns: 1064, Time: 00:02:23

Health: -1/31      AC:  6    Str: 28    XL:     3   Next: 71%
Magic:  2/2        EV:  9    Int:  5    God:
Gold:   63         SH:  4    Dex:  9    Spells: 2/2 levels left

rFire   . . .        a - +0 war axe
rCold   . . .        c - +0 buckler
rNeg    . . .        b - +0 scale mail
rPois   .            (helmet restricted)
rElec   .            (no cloak)
rCorr   .            (no gloves)
SInv    .            (no boots)
Will    .....        (no amulet) Stlth
                     h - +6 ring of strength
HPRegen 0.25/turn    (no ring)
MPRegen 0.08/turn

%: no passive effects
@: no status effects
A: horns 2, retaliatory headbutt
a: no special abilities


You were on level 2 of the Dungeon.
You visited 1 branch of the dungeon, and saw 2 of its levels.

You collected 63 gold pieces.

Inventory:

Hand Weapons
 a - a +0 war axe (weapon)
Armour
 b - a +0 scale mail (worn)
 c - a +0 buckler (worn)
Jewellery
 h - a +6 ring of strength (left hand)
Scrolls
 e - 2 scrolls of revelation {unknown}
 i - a scroll of vulnerability {unknown}
 j - a scroll of enchant armour {unknown}
Potions
 d - a potion of might
 f - a potion of heal wounds {unknown}
 g - a potion of mutation {unknown}


   Skills:
 - Level 3.6 Fighting
 + Level 5.0 Axes
 - Level 3.6 Armour
 - Level 3.6 Shields


You had 2 spell levels left.
You didn't know any spells.
Your spell library contained the following spells:

 Spells                   Type           Power      Damage    Failure   Level
 Dazzling Flash           Conj/Hex       0%         N/A       99%         3
 Volatile Blastmotes      Fire/Tloc      0%         2d10      99%         3
 Starburst                Conj/Fire      0%         6d3       100%        6
 Maxwell's Capacitive Co  Air            0%         ∞         100%        8


Dungeon Overview and Level Annotations

Branches:
Dungeon (2/15)

Altars:
Dithmenos

Annotations:
D:2 Natasha


Innate Abilities, Weirdness & Mutations

You have a pair of horns on your head.
You reflexively headbutt those who attack you in melee.


Message History

The rat bites you.
You barely miss the rat. You headbutt the rat.
You kill the rat!
You closely miss the hobgoblin.
The hobgoblin hits you but does no damage.
A ball python comes into view.
The ball python hisses angrily.
The hobgoblin hits you.
There is a large open door here.
You see here a rat corpse.
You slash the hobgoblin!
You kill the hobgoblin!
Your Axes skill increases to level 5!
Found 6 stones.
The ball python bites you but does no damage.
The ball python grabs you. The ball python constricts you.
You closely miss the ball python. Your headbutt misses the ball python.
You block the ball python's attack. The ball python constricts you.
Natasha, Servant of Life and Death comes into view.
She is carrying a wand of flame.
The ball python bites you but does no damage.
The ball python constricts you.
You closely miss the ball python.
Natasha hisses angrily.
Natasha zaps a wand.
The puff of flame hits you. The ball python barely misses you.
The ball python constricts you.
You escape the ball python's grasp.
Natasha zaps a wand.
The puff of flame hits you! The ball python barely misses you.
You furiously retaliate!
You headbutt the ball python!
You kill the ball python!
You hit Natasha.
Natasha is lightly wounded.
Natasha claws you but does no damage.
You closely miss Natasha.
Natasha is lightly wounded.
Natasha zaps a wand.
The puff of flame hits you. Natasha claws you!
* * * LOW HITPOINT WARNING * * *
You closely miss Natasha. Your headbutt misses Natasha.
Natasha is lightly wounded.
Natasha zaps a wand.
The puff of flame hits you!
You die...

.###.###.# . .[.. ... ..#
# #..# #.# # #.# # #..#
#.# #. #.# # ###..###.##
##. #.###.
........†##.##.####.... #
..#..###.............# .#
#.#...##.##.##..#.#.###..#
#.......<......h@........#
###.#.##.##.#####.#..##(.#
#.#.##.# # ####††####
#....... ##≈≈§.§§§≈## ###
###.##.# ##≈≈≈§.§§§≈≈##
#.# ...
##≈≈§§§..≈§≈§≈###.### #..
##≈≈§≈≈≈..§§≈§≈§##.... #.<
#§≈≈§≈≈≈..§≈≈§≈§≈#####
≈§§≈§≈≈≈.§≈§§≈≈≈§≈####


You could see Natasha.

Vanquished Creatures
  Natasha (D:2)
  4 ball pythons
  3 endoplasms
  2 giant cockroaches (D:1)
  4 hobgoblins
  3 kobolds (D:1)
  A quokka (D:1)
  3 bats
  A frilled lizard (D:1)
  2 goblins
  5 rats
29 creatures vanquished.

Notes
Turn   | Place    | Note
-------+----------+-------------------------------------------
     0 | D:1      | bmack86 the Minotaur Fighter began the quest for the Orb.
     0 | D:1      | Reached XP level 1. HP: 19/19 MP: 0/0
   189 | D:1      | Reached skill level 3 in Axes
   234 | D:1      | Reached XP level 2. HP: 26/26 MP: 1/1
   437 | D:1      | Reached skill level 4 in Axes
   811 | D:2      | Noticed Natasha
   821 | D:2      | Killed Natasha
   822 | D:2      | Reached XP level 3. HP: 8/31 MP: 2/2
   919 | D:2      | Found a shadowy altar of Dithmenos.
  1055 | D:2      | Reached skill level 5 in Axes
  1057 | D:2      | Noticed Natasha
  1064 | D:2      | Killed from afar by Natasha

Illustrated notes

Levels and vault maps discovered:
D:1:      nagdon_arrival_zigzag_paths, layout_basic
D:2:      kennysheep_big_flooded_room, layout_loops_ring, basic_altar,
          uniq_natasha, uniq_crazy_yiuf_cottage, uniq_robin, uniq_sigmund

Skill      XL: |  1  2  3 |
---------------+----------+-----
Axes           | 3 4 5 |  5.0
Fighting       | |  3.6
Armour         | |  3.6
Shields        | |  3.6

Action                     || total
---------------------------++-------
  Melee: War axe           ||    49
         Headbutt          ||     4
 Armour: Scale mail        ||    27
  Dodge: Dodged            ||    26
  Block: Buckler           ||    10

Table legend: (Time is in decaauts)
 A = Elapsed time spent in this place.
 B = Non-inter-level travel time spent in this place.
 C = Inter-level travel time spent in this place.
 D = Time resting spent in this place.
 E = Time spent auto-exploring this place.
 F = Levels seen in this place.
 G = Mean time per level.
                   A        B        C        D        E       F      G
               +--------+--------+--------+--------+--------+-----+--------+
         Total |   1079 |   1060 |     19 |      0 |    829 |   2 |  539.5 |
       Dungeon |   1079 |   1060 |     19 |      0 |    829 |   2 |  539.5 |
               +--------+--------+--------+--------+--------+-----+--------+

Top non-repeatable levels by time:
     D:1: 722 daAuts
     D:2: 357 daAuts
